 Dungeon Crawl Stone Soup version 0.31-a0-640-g39d97e502b (webtiles) character file.

Game seed: 602271706073664922

255 qw the Shooter (level 6, 0/38 HPs)
             Began as a Gargoyle Hunter on Aug 27, 2023.
             Slain by an orc wizard
             ... wielding a +3 dagger
              (2 damage)
             ... on level 3 of the Dungeon.
             The game lasted 00:00:55 (2322 turns).

qw the Shooter (Gargoyle Hunter)                    Turns: 2322, Time: 00:00:55

Health: 0/38       AC:  9    Str: 14    XL:     6   Next: 15%
Magic:  6/6        EV: 11    Int: 10    God:
Gold:   55         SH:  0    Dex: 15    Spells: 5/5 levels left

rFire   . . .        Y - +0 shortbow
rCold   . . .        (shield currently unavailable)
rNeg    + . .        f - +0 ring mail
rPois   inf          (no helmet)
rElec   +            (no cloak)
rCorr   .            (no gloves)
SInv    .            (no boots)
Will    .....        (no amulet)
Stlth   +            (no ring)
HPRegen 0.26/turn    (no ring)
MPRegen 0.10/turn

%: no passive effects
@: no status effects
A: sickness immunity, AC +4, negative energy resistance 1, electricity
resistance, torment resistance 1, petrification resistance
a: no special abilities


You were on level 3 of the Dungeon.
You visited 1 branch of the dungeon, and saw 3 of its levels.

You collected 187 gold pieces.
You spent 132 gold pieces at shops.


Innate Abilities, Weirdness & Mutations

You are immune to sickness and miasma.
Your stone body is resilient. (AC +4)
You are immune to poison.
You resist negative energy. (rN+)
You are resistant to electric shocks. (rElec)
You are resistant to unholy torment.
You are immune to petrification.


   Skills:
 - Level 4.0 Fighting
 + Level 6.0 Ranged Weapons
 - Level 2.1 Armour
 - Level 1.5 Dodging
 - Level 1.1 Stealth


You had 5 spell levels left.
You didn't know any spells.
Your spell library was empty.

Inventory:

Hand Weapons
 Y - a +0 shortbow (weapon)
Armour
 f - a +0 ring mail (worn)
Jewellery
 k - the ring "Arewiteg" {*Slow rC+ Str+5 Slay+4}
   (You found it on level 3 of the Dungeon)

   [ring of protection from cold]

   Str+5:     It affects your strength (+5).
   Slay+4:    It affects your accuracy & damage with ranged weapons and melee
   (+4).
   rC+:       It protects you from cold.
   *Slow:     It may slow you when you take damage.
Scrolls
 c - 2 scrolls of teleportation {unknown}
 i - a scroll of silence {unknown}
 j - a scroll of poison {unknown}
Potions
 a - a potion of degeneration {unknown}
 b - a potion of berserk rage {unknown}
 d - 2 potions of curing
 g - a potion of brilliance {unknown}
 h - a potion of enlightenment {unknown}

Dungeon Overview and Level Annotations

Branches:
Dungeon (3/15)

Altars:

Shops:
D:2 :   D:3 ![=[(


Message History

You shoot an arrow. The arrow hits the orc priest!
The orc priest is severely wounded.
The orc priest misses you.
You shoot an arrow.
The arrow hits the orc priest but does no damage.
The orc priest is severely wounded.
You shoot an arrow. The arrow hits the orc priest.
The orc priest is almost dead.
You hear some strange, mumbled words.
Something tries to affect you, but you resist.
The orc priest mumbles some strange prayers to Beogh against you.
Pain shoots through your body!
The orc priest hits you but does no damage.
You shoot an arrow.
The arrow closely misses the orc priest.
Something hits you but does no damage. The orc priest closely misses you.
You shoot an arrow.
The arrow hits the orc priest but does no damage.
The orc priest is almost dead.
Something hits you but does no damage.
The orc priest hits you but does no damage.
You shoot an arrow. The arrow hits the orc priest.
The orc priest is almost dead.
Something hits you but does no damage.
The orc priest hits you with a +0 dagger.
You shoot an arrow. The arrow barely misses the orc priest.
Something hits you but does no damage.
The orc priest mumbles some strange prayers to Beogh against you.
You barely resist. You shoot an arrow. The arrow hits the orc priest.
You kill the orc priest!
You hear some strange, mumbled words.
A puff of flame appears from out of thin air!
The puff of flame hits you. Something hits you.
Your Fighting skill increases to level 4!
You shoot an arrow. Something hits you but does no damage.
You shoot an arrow. Something hits you.
You die...

#...# #...## #..[.
#..##########
###........<..#
##...#######.#.#
.....#.......#.#########
777..#.#######.#){......
# #7.#.#######)#@#
7...>.......#.# #
#7.#..########.#
777..#..###### #.#
.....#..##...# #.#
777.....##...###)# #
#7.#...'.[.'...#
7.##.##..|##### #
#7.##.######


There were no monsters in sight!

Vanquished Creatures
  An orc priest (D:3)
  Natasha (thrice) (D:3)
  3 orc wizards (D:2)
  A gnoll (D:1)
  4 adders
  A worm (D:3)
  3 orcs
  A ball python (D:3)
  5 endoplasms
  2 giant cockroaches
  A goblin (D:1)
  A hobgoblin (D:1)
  7 kobolds
  2 quokkas
  4 bats
  2 frilled lizards (D:3)
  5 rats
46 creatures vanquished.

Notes
Turn   | Place    | Note
-------+----------+-------------------------------------------
     0 | D:1      | qw the Gargoyle Hunter began the quest for the Orb.
     0 | D:1      | Reached XP level 1. HP: 12/12 MP: 1/1
     0 | D:1      | 0 ||| qw: Version: 0.3-a-74-g0d5e918
     0 | D:1      | 0 ||| qw: Game counter: 116
     0 | D:1      | 0 ||| qw: Melee chars always use a shield: true
     0 | D:1      | 0 ||| qw: God list: Okawaru
     0 | D:1      | 0 ||| qw: Allow faded altars: false
     0 | D:1      | 0 ||| qw: Do Orc after clearing Dungeon:15 true
     0 | D:1      | 0 ||| qw: Do second Lair branch before Depths: true
     0 | D:1      | 0 ||| qw: Lair rune preference: random
     0 | D:1      | 0 ||| qw: Goals: Normal
     0 | D:1      | 0 ||| PLANNING D:1-11
   108 | D:1      | Reached XP level 2. HP: 17/17 MP: 2/2
   364 | D:1      | Reached XP level 3. HP: 21/21 MP: 3/3
   579 | D:1      | Found a faded altar of an unknown god.
   616 | D:1      | 616 ||| UPGRADING to +0 ring mail.
   626 | D:1      | 626 ||| DROPPING +0 leather armour.
   627 | D:1      | 627 ||| READING scroll labelled XEUJ KUREMMU.
   628 | D:1      | 628 ||| READING scroll labelled EDATOC MAIL.
   629 | D:1      | 629 ||| DRINKING 2 blue potions.
   630 | D:1      | 630 ||| DROPPING scroll of butterflies.
   800 | D:2      | 800 ||| Stepping ~*~*~tactically~*~*~ (outnumbered).
   803 | D:2      | 803 ||| DRINKING potion of curing.
   803 | D:2      | 803 ||| (to cure confusion)
   804 | D:2      | 804 ||| RETREATING.
   822 | D:2      | Reached skill level 5 in Ranged Weapons
   822 | D:2      | Reached XP level 4. HP: 16/26 MP: 4/4
   846 | D:2      | HP: 5/26 [something (2)]
   847 | D:2      | HP: 2/26 [something (3)]
   857 | D:2      | HP: 4/26 [something (1)]
   965 | D:2      | Found Meluef's Vocational Training.
  1192 | D:2      | Reached skill level 3 in Fighting
  1576 | D:2      | 1576 ||| READING scroll labelled OLUUFE BE BILA.
  1577 | D:2      | 1577 ||| READING scroll labelled HAGOGY HEUCEXT.
  1578 | D:2      | 1578 ||| READING scroll labelled VAITTU PENEL.
  1665 | D:3      | Reached XP level 5. HP: 32/32 MP: 5/5
  1689 | D:3      | Noticed Natasha
  1698 | D:3      | Killed Natasha
  1784 | D:3      | Found Luafiukoru's Distillery.
  1787 | D:3      | 1787 ||| BUYING potion of curing (36 gold).
  1787 | D:3      | Bought a potion of curing for 36 gold pieces
  1787 | D:3      | 1787 ||| BUYING potion of curing (36 gold).
  1787 | D:3      | Bought a potion of curing for 36 gold pieces
  1787 | D:3      | 1787 ||| SHOPLISTING potion of haste (120 gold, have 67).
  1787 | D:3      | 1787 ||| BUYING potion of heal wounds (60 gold).
  1787 | D:3      | Bought a potion of heal wounds for 60 gold pieces
  1787 | D:3      | 1787 ||| SHOPLISTING potion of mutation (96 gold, have 7).
  1914 | D:3      | Found Muwukhlat's Weapon Boutique.
  1980 | D:3      | Found Imesoshru's Antique Armour Shoppe.
  1991 | D:3      | 1991 ||| SHOPLISTING pair of gloves (108 gold, have 44).
  2006 | D:3      | Identified the ring "Arewiteg" {*Slow rC+ Str+5 Slay+4}
  2020 | D:3      | Found Doeloec's Armour Shoppe.
  2022 | D:3      | Found Haipp's Jewellery Boutique.
  2032 | D:3      | 2032 ||| SHOPLISTING +4 ring of protection (360 gold, have
                  | 55).
  2032 | D:3      | 2032 ||| SHOPLISTING +6 ring of strength (360 gold, have
                  | 55).
  2032 | D:3      | 2032 ||| SHOPLISTING amulet of reflection (300 gold, have
                  | 55).
  2032 | D:3      | 2032 ||| SHOPLISTING amulet of regeneration (300 gold, have
                  | 55).
  2032 | D:3      | 2032 ||| SHOPLISTING amulet of the acrobat (300 gold, have
                  | 55).
  2032 | D:3      | 2032 ||| SHOPLISTING ring "Nithane" {rF+ Will+} (390 gold,
                  | have 55).
  2044 | D:3      | 2044 ||| SHOPLISTING +2 robe of positive energy (205 gold,
                  | have 55).
  2150 | D:3      | Noticed Natasha
  2160 | D:3      | HP: 7/32 [Natasha/magic dart (2)]
  2161 | D:3      | 2161 ||| DRINKING potion of heal wounds.
  2162 | D:3      | Killed Natasha
  2163 | D:3      | Reached skill level 6 in Ranged Weapons
  2165 | D:3      | Noticed Natasha
  2166 | D:3      | 2166 ||| FLEEEEING.
  2167 | D:3      | 2167 ||| FLEEEEING.
  2168 | D:3      | 2168 ||| FLEEEEING.
  2169 | D:3      | 2169 ||| FLEEEEING.
  2170 | D:3      | 2170 ||| FLEEEEING.
  2171 | D:3      | 2171 ||| FLEEEEING.
  2172 | D:3      | 2172 ||| FLEEEEING.
  2176 | D:3      | 2176 ||| FLEEEEING.
  2177 | D:3      | 2177 ||| FLEEEEING.
  2178 | D:3      | 2178 ||| FLEEEEING.
  2179 | D:3      | 2179 ||| FLEEEEING.
  2183 | D:3      | 2183 ||| FLEEEEING.
  2193 | D:3      | Killed Natasha
  2194 | D:3      | Reached XP level 6. HP: 23/37 MP: 6/6
  2312 | D:3      | HP: 9/37 [orc priest/divine providence (16)]
  2318 | D:3      | HP: 7/37 [orc priest/+0 dagger (3)]
  2320 | D:3      | HP: 2/37 [something/puff of flame (6)]
  2322 | D:3      | Slain by an orc wizard

Levels and vault maps discovered:
D:1:      lightli_arrival_lavapool, layout_loops_ring,
          hellmonk_ecumenical_altar_crossroads
D:2:      layout_loops_corners, nicolae_shop_vocational
D:3:      layout_basic, serial_shops, nicolae_shop_crystal, shop,
          nicolae_shop_tiny_real_fake_doors, shop, shop,
          minmay_stone_trees_medium, minmay_bisected, uniq_natasha

Skill      XL: |  1  2  3  4  5  6 |
---------------+-------------------+-----
Armour         | 2 |  2.1
Ranged Weapons | 5 6 |  6.0
Fighting       | 3 4 |  4.0
Dodging        | |  1.5
Stealth        | |  1.1

Action                     |  1- 3 |  4- 6 || total
---------------------------+-------+-------++-------
   Fire: Shortbow          |    60 |   147 ||   207
    Use: Scroll            |     2 |     3 ||     5
         Potion            |     2 |     1 ||     3
 Armour: Ring mail         |     8 |    53 ||    61
         Leather armour    |     1 |       ||     1
  Dodge: Dodged            |    13 |    41 ||    54

Table legend:
 A = Non-vault XP
 B = Vault XP
 C = Vault XP percentage of total XP
 D = Non-vault monster count
 E = Vault monster count
 F = Vault count percentage of total count
                 A         B        C        D         E       F
            +---------+---------+-------+---------+---------+-------
      Total |     325 |      40 |  11.0 |      43 |       3 |   6.5
            +---------+---------+-------+---------+---------+-------
        D:1 |      36 |       0 |   0.0 |      14 |       0 |   0.0
        D:2 |     125 |       0 |   0.0 |      15 |       0 |   0.0
        D:3 |     164 |      40 |  19.6 |      14 |       3 |  17.6
            +---------+---------+-------+---------+---------+-------
